 Dungeon Crawl Stone Soup version 0.24.0-1-gfbc8707122 (webtiles) character file.

Game seed: 9693923000586588539, levelgen mode: deterministic

3878 Mrkan the Cleaver (level 10, -4/90 HPs)
             Began as a Minotaur Fighter on Oct 28, 2019.
             Was a Priest of Jiyva.
             Slain by a white ugly thing (33 damage)
             ... on level 8 of the Dungeon.
             The game lasted 00:13:08 (7981 turns).

Mrkan the Cleaver (Minotaur Fighter)                Turns: 7981, Time: 00:13:09

Health: -4/90      AC: 14    Str: 20    XL:     10   Next: 0%
Magic:  9/9        EV:  4    Int:  6    God:    Jiyva [***...]
Gold:   423        SH: 16    Dex: 13    Spells: 9/9 levels left

rFire    . . .     SeeInvis .   a - +0 war axe
rCold    . . .     Gourm    .   g - +0 large shield
rNeg     . . .     Faith    .   D - +0 storm dragon scales
rPois    .         Spirit   .   (helmet restricted)
rElec    +         Reflect  .   w - +0 cloak
rCorr    +         Harm     .   (no gloves)
MR       .....                  (no boots)
Stlth    ..........             (no amulet)
HPRegen  0.25/turn              (no ring)
MPRegen  0.11/turn              (no ring)

@: heavily drained
A: retaliatory headbutt, horns 2, jelly sensing items
a: Request Jelly, Renounce Religion


You were on level 8 of the Dungeon.
You worshipped Jiyva.
Jiyva was most pleased with you.
You were not hungry.

You visited 2 branches of the dungeon, and saw 11 of its levels.
You also visited: Sewer.

You collected 423 gold pieces.

Inventory:

Hand Weapons
 a - a +0 war axe (weapon)
Missiles
 m - 146 stones (quivered)
Armour
 c - a +0 shield
 g - a +0 large shield (worn)
 t - a +0 chain mail
 w - a +0 cloak (worn)
 D - +0 storm dragon scales (worn)
Jewellery
 e - a +1 ring of protection {unknown}
 k - an uncursed amulet of faith {unknown}
 o - an uncursed ring of poison resistance {unknown}
 B - an uncursed ring of see invisible {unknown}
 F - an uncursed amulet of regeneration {unknown}
Wands
 b - a wand of flame (19)
 E - a wand of disintegration (11)
 H - a wand of random effects (16)
Scrolls
 d - 9 scrolls of teleportation {unknown}
 i - 4 scrolls of remove curse {unknown}
 q - 2 scrolls of enchant armour {unknown}
 r - 7 scrolls of identify {unknown}
 v - 4 scrolls of blinking {unknown}
 y - 2 scrolls of enchant weapon {unknown}
 z - 3 scrolls of fear {unknown}
 A - 3 scrolls of magic mapping {unknown}
 C - a scroll of immolation {unknown}
Potions
 h - 2 potions of brilliance
 j - a potion of agility {unknown}
 l - 5 potions of curing
 n - 3 potions of heal wounds {unknown}
 p - 3 potions of magic {unknown}
 s - 2 potions of degeneration {unknown}
 u - a potion of resistance {unknown}
Comestibles
 f - 9 rations


   Skills:
 + Level 8.5(7.1) Fighting
 * Level 11.0(9.5) Axes
 + Level 8.5(7.1) Armour
 + Level 8.5(7.0) Shields


You had 9 spell levels left.
You didn't know any spells.
Your spell library contained the following spells:

 Spells                   Type           Power        Failure   Level  Hunger
 Animate Skeleton         Necr           N/A          100%        1    ##.....
 Apportation              Tloc           #.....       100%        1    ##.....
 Confusing Touch          Hex            #.....       100%        1    ##.....
 Summon Small Mammal      Summ           #...         100%        1    ##.....
 Call Imp                 Summ           #.......     100%        2    ###....
 Call Canine Familiar     Summ           #.......     100%        3    ####...
 Summon Guardian Golem    Hex/Summ       #.......     100%        3    ####...
 Summon Ice Beast         Ice/Summ       #.......     100%        4    #####..
 Summon Lightning Spire   Summ/Air       #.......     100%        4    #####..


Dungeon Overview and Level Annotations

Branches:
Dungeon (10/15)            Temple (1/1) D:6           Sewer (visited)
   Lair: D:8-11         Orc: D:9-12

Altars:
Ashenzari
Elyvilon
Fedhas
Gozag
Makhleb
Ru
Sif Muna
Trog
Wu Jian
Xom
The Shining One
Jiyva

Shops:
D:7 [

Annotations:
D:8 3 runed translucent doors, H0rd4k's ghost, novice HuAr


Innate Abilities, Weirdness & Mutations

You reflexively headbutt those who attack you in melee.
You have a pair of horns on your head.
You have a small jelly attached to you that senses nearby items.


Message History

You block the white ugly thing's attack.
Your shield prevents you from hitting the white ugly thing.
You headbutt the white ugly thing!
The white ugly thing is moderately wounded.
You block the white ugly thing's attack.
You barely miss the white ugly thing.
Your headbutt misses the white ugly thing.
The white ugly thing is moderately wounded.
The white ugly thing gores you. The white ugly thing freezes you!!
You hit the white ugly thing.
The white ugly thing is moderately wounded.
The white ugly thing gores you but does no damage.
You hit the white ugly thing but do no damage.
The white ugly thing is moderately wounded.
You block the white ugly thing's attack.
The white ugly thing gores you! The white ugly thing freezes you!!
You barely miss the white ugly thing.
The white ugly thing is moderately wounded.
The white ugly thing gores you. The white ugly thing freezes you!!
You die...

... ################ ......
#...........<..# ......
...............# ......
...............###.......#
.......^..........J..J...#
...#.#######.............#
...#.# #.............####
#..#.# #....@u..........#
######
##............##.#####
#............##.##... #...
#............##.##... ....
#....#.......##'##... #...
####.##.......†......
#.##...#####...... ###
..##..##P.♣##..... ##
#.############.##≈$..W#...#.


You could see a white ugly thing and 2 neutral jellies (fellow slime).

Vanquished Creatures
  A two-headed ogre (D:8)
  Pikel (D:5)
  Prince Ribbit (D:7)
  Sigmund (D:2)
  A water moccasin (D:8)
  2 orc warriors
  2 sky beasts
  2 necrophages
  2 ogres
  A crocodile (D:8)
  A big kobold (Sewer)
  4 bullfrogs
  4 killer bees (D:8)
  A howler monkey (D:4)
  4 crimson imps
  A bullfrog zombie (D:6)
  A quasit (D:4)
  3 hounds
  4 orc priests
  A bullfrog skeleton (D:6)
  4 orc wizards
  Jessica (D:2)
  2 iguanas
  Terence (D:2)
  5 worker ants
  Robin (D:2)
  4 adders
  4 river rats
  4 oozes
  An adder zombie (D:6)
  8 worms
  5 dart slugs
  5 leopard geckos
  13 orcs
  10 bats
  5 giant cockroaches
  11 goblins
  16 hobgoblins
  3 jackals (D:2)
  19 kobolds
  4 quokkas
  4 ball pythons
  12 frilled lizards
  14 rats
194 creatures vanquished.

Vanquished Creatures (others)
  Psyche (D:8)
  A crocodile (D:8)
  17 jellies (D:8)
  A bullfrog zombie (D:8)
  A centaur skeleton (D:8)
  2 orc wizards (D:8)
  An adder (D:8)
  A shadow imp (D:10)
  2 orcs (D:8)
  2 quokkas
  3 plants (D:8)
32 creatures vanquished.

Grand Total: 226 creatures vanquished

Notes
Turn   | Place    | Note
-------+----------+-------------------------------------------
     0 | D:1      | Mrkan the Minotaur Fighter began the quest for the Orb.
     0 | D:1      | Reached XP level 1. HP: 19/19 MP: 0/0
    70 | D:1      | Reached XP level 2. HP: 24/27 MP: 1/1
    91 | D:1      | Reached skill level 3 in Axes
   264 | D:1      | Reached XP level 3. HP: 19/33 MP: 2/2
  1180 | D:2      | Noticed Terence
  1185 | D:2      | Reached XP level 4. HP: 40/40 MP: 3/3
  1193 | D:2      | Killed Terence
  1193 | D:2      | Reached skill level 4 in Axes
  1217 | D:2      | Noticed Jessica
  1221 | D:2      | Killed Jessica
  1634 | D:2      | Reached XP level 5. HP: 47/47 MP: 4/4
  1757 | D:2      | Noticed Robin
  1759 | D:2      | Noticed Sigmund
  1768 | D:2      | Killed Robin
  1776 | D:2      | Killed Sigmund
  1776 | D:2      | Reached skill level 5 in Axes
  1776 | D:2      | Reached skill level 5 in Armour
  1776 | D:2      | Reached skill level 5 in Shields
  1776 | D:2      | Reached XP level 6. HP: 6/55 MP: 5/5
  2364 | D:3      | Reached skill level 5 in Fighting
  2811 | D:3      | Reached skill level 6 in Axes
  2846 | D:3      | Reached XP level 7. HP: 56/61 MP: 6/6
  3369 | D:4      | Found a glowing drain.
  3373 | Sewer    | Entered a sewer
  3621 | Sewer    | Reached skill level 7 in Axes
  4491 | D:5      | Entered Level 5 of the Dungeon
  4514 | D:5      | Reached XP level 8. HP: 33/70 MP: 7/7
  5133 | D:5      | Noticed Pikel
  5152 | D:5      | Killed Pikel
  5152 | D:5      | Reached skill level 8 in Axes
  5217 | D:5      | Found a bloodstained altar of Trog.
  5249 | D:5      | Found a shimmering blue altar of Sif Muna.
  5631 | D:6      | Found a shattered altar of Ashenzari.
  5923 | D:6      | Reached skill level 9 in Axes
  5930 | D:6      | Found a staircase to the Ecumenical Temple.
  5950 | Temple   | Entered the Ecumenical Temple
  5991 | Temple   | Became a worshipper of Jiyva Jerev the Shapeless
  6373 | D:7      | Noticed Prince Ribbit
  6382 | D:7      | Killed Prince Ribbit
  6382 | D:7      | Reached XP level 9. HP: 75/79 MP: 8/8
  6545 | D:7      | You fall into a shaft and drop 3 floors!
  6545 | D:10     | Entered Level 10 of the Dungeon
  6901 | D:7      | Reached * piety under Jiyva
  6925 | D:7      | Found Noducaxoj's Armour Shop.
  7263 | D:8      | Reached skill level 10 in Axes
  7264 | D:8      | Noticed a two-headed ogre
  7273 | D:8      | Killed a two-headed ogre
  7501 | D:8      | Reached ** piety under Jiyva
  7530 | D:8      | Found a runed translucent gate.
  7530 | D:8      | Found a runed translucent gate.
  7530 | D:8      | Found a runed translucent gate.
  7533 | D:8      | Noticed H0rd4k's ghost (novice HuAr)
  7533 | D:8      | Noticed an 11-headed hydra
  7695 | D:8      | Reached skill level 11 in Axes
  7696 | D:8      | Reached *** piety under Jiyva
  7742 | D:8      | Reached XP level 10. HP: 39/90 MP: 9/9
  7743 | D:8      | Killed Psyche
  7745 | D:8      | Gained mutation: You have a small jelly attached to you
                  | that senses nearby items. [Jiyva's grace]
  7969 | D:8      | Noticed a white ugly thing
  7981 | D:8      | Slain by a white ugly thing

Levels and vault maps discovered:
D:1:      wander_arrival_desolate, layout_basic, minmay_lizard_king
D:2:      layout_basic, serial_forest, infiniplex_forest_lined_room_2,
          infiniplex_forest_corner_2, infiniplex_forest_side_room,
          infiniplex_forest_end_2, infiniplex_forest_lined_corner,
          infiniplex_forest_clump_medium, infiniplex_forest_clump_medium,
          first_ration, uniq_terence, uniq_sigmund, uniq_jessica, uniq_robin
D:3:      layout_basic
D:4:      layout_gridville, gup_sewer_entry_bowl, kennysheep_generic_room_12
D:5:      layout_loops_corners, nicolae_overflow_hidden_temple, uniq_pikel
D:6:      layout_rooms, ashenzari_altar_1, minmay_temple_entry_large_hall
D:7:      layout_loops_ring, serial_shops, shop, uniq_prince_ribbit1
D:8:      layout_basic, lemuel_zombie_altar_yredelemnul, david_lair_generic,
          gammafunk_ghost_hydra_chop, uniq_psyche
D:9:      layout_rooms, minitemple, led_sif_pool
D:10:     layout_loops_corners
Temple:   pf_slime_end_temple

Skill      XL: |  1  2  3  4  5  6  7  8  9 |
---------------+----------------------------+-----
Axes           | 3 4 5 6 7 9 11 | 11.0
Fighting       | 4 5 6 7 8 |  8.5
Armour         | 4 5 6 7 8 |  8.5
Shields        | 4 5 6 7 8 |  8.5

Action                   |  1- 3 |  4- 6 |  7- 9 | 10-12 || total
-------------------------+-------+-------+-------+-------++-------
Melee: War axe           |    96 |   131 |   391 |     9 ||   627
       Headbutt          |    14 |    20 |    70 |     1 ||   105
  Use: Potion            |       |     3 |     2 |       ||     5
  Eat: Chunk             |     1 |     6 |     3 |       ||    10
       Ration            |       |       |     4 |       ||     4
Armor: Scale mail        |    43 |     1 |       |       ||    44
       Chain mail        |       |    60 |    99 |       ||   159
       Storm dragon scal |       |       |    47 |     2 ||    49
Dodge: Dodged            |    33 |    13 |    39 |       ||    85
Block: Shield            |    22 |       |       |       ||    22
       Large shield      |    68 |   120 |   301 |     6 ||   495
